 Dungeon Crawl Stone Soup version 0.24.0-13-gcf9b319 (webtiles) character file.

Game seed: 1424726539772613354, levelgen mode: deterministic

694 Fang the Skirmisher (level 7, -3/44 HPs)
             Began as a Gargoyle Berserker on Dec 10, 2019.
             Was a Believer of Trog.
             Slain by an orc warrior
             ... wielding a +0 glaive
              (6 damage)
             ... on level 4 of the Dungeon.
             The game lasted 00:02:11 (2614 turns).

Fang the Skirmisher (Gargoyle Berserker)            Turns: 2614, Time: 00:02:12

Health: -3/44      AC: 14    Str: 23    XL:     7   Next: 64%
Magic:  7/7        EV:  9    Int:  7    God:    Trog [**....]
Gold:   175        SH:  0    Dex:  9    Spells: 6/6 levels left

rFire    . . .     SeeInvis .   a - +0 hand axe
rCold    . . .     Gourm    .   (no shield)
rNeg     + . .     Faith    .   b - +0 chain mail
rPois    ∞         Spirit   .   (no helmet)
rElec    +         Reflect  .   (no cloak)
rCorr    .         Harm     .   (no gloves)
MR       ++...                  (no boots)
Stlth    ..........             (no amulet)
HPRegen  1.14/turn              (no ring)
MPRegen  0.10/turn              (no ring)

@: regenerating
A: negative energy resistance 1, electricity resistance, unbreathing,
petrification resistance, rot immunity, AC +4
a: Berserk, Trog's Hand, Renounce Religion


You were on level 4 of the Dungeon.
You worshipped Trog.
Trog was pleased with you.
You were hungry.

You visited 1 branch of the dungeon, and saw 4 of its levels.

You collected 175 gold pieces.

Inventory:

Hand Weapons
 a - a +0 hand axe (weapon)
Armour
 b - a +0 chain mail (worn)
Scrolls
 e - a scroll of teleportation {unknown}
 f - 2 scrolls of identify {unknown}
 g - a scroll of fear {unknown}
 h - 2 scrolls of amnesia {unknown}
 i - 2 scrolls of fog {unknown}
 k - a scroll of noise {unknown}
 l - a scroll of blinking {unknown}
Potions
 d - 2 potions of haste {unknown}
 j - a potion of lignification {unknown}
 n - a potion of cancellation {unknown}
 o - 2 potions of curing {unknown}
Comestibles
 c - 9 rations
 m - a chunk of flesh


   Skills:
 + Level 5.5 Fighting
 + Level 4.5 Axes
 + Level 4.9 Armour
 + Level 3.6 Dodging


You had 6 spell levels left.
You didn't know any spells.
Your spell library was empty.

Dungeon Overview and Level Annotations

Branches:
Dungeon (4/15)
 Temple: D:4-7

Altars:


Innate Abilities, Weirdness & Mutations

You are resistant to torment.
Your stone body is resilient. (AC +4)
You are immune to poison.
You resist negative energy. (rN+)
You are resistant to electric shocks. (rElec)
You can survive without breathing.
You are immune to petrification.
You are immune to rotting.


Message History

a +0 flail; a +0 leather armour; an orc corpse The orc priest shouts!
An orc comes into view. It is wielding a +0 club.
The orc priest invokes the aid of Beogh against you.
Beogh smites you!
Found 23 stones.
Your skin crawls.
You feel resistant to hostile enchantments.
You are feeling hungry.
The orc shouts!
The jackal barely misses you. The jackal barely misses you.
The jackal closely misses you.
Found 17 gold pieces.
The orc warrior hits you from afar with a +0 glaive!!
Ouch! That really hurt!
* * * LOW HITPOINT WARNING * * *
The orc priest miscasts a cantrip.
The jackal misses you.
The orc warrior hits you from afar with a +0 glaive.
You die...

#......# ## #......####
.. #.......... ###( #..
#.......... ##...# #..
#.......... #..o.$
#.###..........
#.oo#8####...#..........
..($.o..##...#..........
#.@##...###'###....
#.#.h#....'....#.... #
##.)...##....#....
###.#+##....#.(..
.).....†........#....
................#....
...#............+.... ..
#......##....#....
######+##....#....


You could see an orc warrior, an orc priest, 2 orcs and a jackal.

Vanquished Creatures
  Pikel (D:4)
  A slave (D:4)
  A sky beast (D:4)
  A hound (D:2)
  Crazy Yiuf (D:3)
  Jessica (D:2)
  5 adders
  A dart slug (D:2)
  3 leopard geckos
  3 orcs
  2 ball pythons (D:3)
  5 giant cockroaches
  5 goblins
  5 hobgoblins
  A jackal (D:4)
  A quokka (D:2)
  6 bats
  5 frilled lizards
  6 kobolds
  7 rats
61 creatures vanquished.

Notes
Turn   | Place    | Note
-------+----------+-------------------------------------------
     0 | D:1      | Fang the Gargoyle Berserker began the quest for the Orb.
     0 | D:1      | Reached XP level 1. HP: 14/14 MP: 1/1
   205 | D:1      | Reached XP level 2. HP: 19/19 MP: 2/2
   761 | D:2      | Reached ** piety under Trog
   891 | D:2      | Noticed Jessica
   913 | D:2      | Reached XP level 3. HP: 13/24 MP: 3/3
   914 | D:2      | Killed Jessica
   914 | D:2      | Reached XP level 4. HP: 15/29 MP: 4/4
   915 | D:2      | Reached skill level 4 in Fighting
  1770 | D:3      | Reached XP level 5. HP: 29/33 MP: 5/5
  2175 | D:3      | Found a runed translucent door.
  2176 | D:3      | Noticed Crazy Yiuf
  2316 | D:3      | Killed Crazy Yiuf
  2422 | D:4      | Noticed a slave
  2436 | D:4      | Noticed Pikel
  2436 | D:4      | Noticed a slave
  2436 | D:4      | Noticed a slave
  2436 | D:4      | Noticed a slave
  2442 | D:4      | Killed a slave
  2454 | D:4      | Killed Pikel
  2454 | D:4      | Reached skill level 5 in Fighting
  2454 | D:4      | Reached XP level 6. HP: 40/40 MP: 6/6
  2454 | D:4      | Reached XP level 7. HP: 44/44 MP: 7/7
  2613 | D:4      | HP: 2/44 [orc warrior/+0 glaive (22)]
  2614 | D:4      | Slain by an orc warrior

Levels and vault maps discovered:
D:1:      onia_arrival_handbag, layout_basic, corexii_corridor_pit,
          minmay_misc_feat_diagonals
D:2:      layout_loops_ring, uniq_jessica
D:3:      cheibrodos_old_hovel, layout_loops_ring, first_ration,
          uniq_crazy_yiuf_cottage
D:4:      layout_gridville, overflow_temple_1_default, minmay_misc_feat_five,
          kennysheep_donut, minmay_misc_feat_nine_boxes,
          guppyfry_early_orc_mine, uniq_pikel, uniq_grinder

Skill      XL: |  1  2  3  4  5 |
---------------+----------------+-----
Axes           | 3 4 |  4.5
Dodging        | 2 3 |  3.6
Armour         | 3 4 |  4.9
Fighting       | 4 5 |  5.5

Action                   |  1- 3 |  4- 6 |  7- 9 || total
-------------------------+-------+-------+-------++-------
Melee: Hand axe          |    81 |   160 |    35 ||   276
Invok: Berserk           |     1 |     2 |       ||     3
       Trog's Hand       |       |       |     1 ||     1
  Eat: Chunk             |       |     7 |     1 ||     8
Armor: Animal skin       |     8 |       |       ||     8
       Chain mail        |    43 |   100 |    32 ||   175
Dodge: Dodged            |    30 |    79 |    28 ||   137
